 Dungeon Crawl Stone Soup version 0.18-a0-1243-g9e52518 (webtiles) character file.

1561 Duffy the Grappler (level 8, 0/62 (63) HPs)
             Began as a Ghoul Fighter on Feb 5, 2016.
             Slain by a hippogriff (5 damage)
             ... on level 7 of the Dungeon.
             The game lasted 00:03:39 (2866 turns).

Duffy the Grappler (Ghoul Fighter)                  Turns: 2866, Time: 00:03:39

HP:   0/62 (63)     AC:  7    Str: 21    XL:     8   Next: 89%
MP:   7/7           EV:  9    Int:  3    God:
Gold: 219           SH:  0    Dex:  9    Spells: 0 memorised, 7 levels left

rFire  . . .     SeeInvis .       - Unarmed
rCold  + . .     Gourm    .     a - +0 scale mail
rNeg   + + +     Faith    .     (no shield)
rPois  ∞         Spirit   .     o - +0 helmet
rElec  .         Dismiss  .     (no cloak)
rCorr  .         Reflect  .     (no gloves)
SustAt .         Harm     .     (no boots)
MR     .....                    (no amulet)
Stlth  ..........               (no ring)
                                (no ring)

@: rotting, not resistant to hostile enchantments, extremely unstealthy
A: rotting body, claws 1, carnivore 3, cold resistance 1, negative energy
resistance 3, slow regeneration 1, torment resistance, unbreathing
a: no special abilities


You were on level 7 of the Dungeon.
You were not hungry.

You visited 1 branch of the dungeon, and saw 7 of its levels.

You collected 219 gold pieces.


Innate Abilities, Weirdness & Mutations

Your body is rotting away.
You thrive on raw meat.
You are immune to poison.
You have sharp fingernails.
You are carnivorous and can eat meat at any time.
Your flesh is cold resistant.
You are immune to negative energy.
You regenerate slowly when monsters are visible.
You are immune to unholy pain and torment.
You can survive without breathing.


   Skills:
 - Level 3.2 Fighting
 - Level 2.6 Armour
 - Level 2.6 Shields
 + Level 11.8 Unarmed Combat


You had 7 spell levels left.
You didn't know any spells.

Inventory:

Armour
 a - a +0 scale mail (worn)
 b - a +0 shield
 o - a +0 helmet (worn)
Wands
 m - a wand of acid (8/15)
 q - a wand of acid (10/15)
Scrolls
 e - a scroll of enchant weapon {unknown}
 h - 3 scrolls of remove curse {unknown}
 i - a scroll of fear {unknown}
 j - 2 scrolls of recharging {unknown}
 n - 3 scrolls of blinking {unknown}
 p - 2 scrolls of identify {unknown}
 s - a scroll of enchant armour {unknown}
 u - a scroll of magic mapping {unknown}
Potions
 c - a potion of might
 f - 3 potions of ambrosia {unknown}
 g - a potion of flight {unknown}
 l - a potion of poison {unknown}
 r - a potion of curing {unknown}
Comestibles
 d - 2 meat rations
 k - 2 beef jerkies
 t - a royal jelly

Dungeon Overview and Level Annotations

Branches:
Dungeon (7/15)
 Temple: D:4-7

Altars:
Ashenzari
Dithmenos
Okawaru
Pakellas
Yredelemnul

Shops:
D:7 }


Message History

The orc wizard casts a spell.
The orc wizard flickers and vanishes!
You claw something!
You hear some strange, mumbled words.
A magic dart appears from out of thin air!
The magic dart hits you!
You miss something. Something hits you but does no damage.
You closely miss something. You barely miss something. Something hits you.
You miss something. Something hits you but does no damage.
You barely miss something. Something hits you but does no damage.
You claw something!
Reactivating autopickup.
You feel a bit more experienced.
You swing at nothing.
Deactivating autopickup; reactivate with Ctrl-A.
You closely miss something. Something hits you but does no damage.
You claw something!
Reactivating autopickup.
You feel a bit more experienced.
You swing at nothing.
You claw the hippogriff!
The hippogriff is moderately wounded.
You closely miss the hippogriff. You claw the hippogriff!
The hippogriff is heavily wounded.
The hippogriff bites you! The hippogriff pecks you. The hippogriff claws you.
You scratch the hippogriff.
The hippogriff is heavily wounded.
The hippogriff bites you. The hippogriff barely misses you.
The hippogriff claws you but does no damage.
You scratch the hippogriff but do no damage.
The hippogriff is heavily wounded.
The hippogriff bites you but does no damage.
The hippogriff pecks you.
You die...

######### #.......##
###########.##......
#..>..@Ho..........#
###.#####...)......#
#####.#.###...##
......).....<...
#####.##.#####.#
...##.......#
#######.###### #.#
#.##


You could see a hippogriff and an orc.

Action                   |  1- 3 |  4- 6 |  7- 9 || total
-------------------------+-------+-------+-------++-------
Melee: Unarmed           |    79 |    85 |   187 ||   351
  Eat: Chunk             |    12 |    19 |    20 ||    51

Notes
Turn   | Place    | Note
--------------------------------------------------------------
     0 | D:1      | Duffy the Ghoul Fighter began the quest for the Orb.
     0 | D:1      | Reached XP level 1. HP: 19/19 MP: 0/0
   176 | D:2      | Found an iron altar of Okawaru.
   184 | D:2      | Reached XP level 2. HP: 26/26 MP: 1/1
   192 | D:2      | Reached skill level 3 in Unarmed Combat
   502 | D:4      | Reached XP level 3. HP: 23/31 MP: 2/2
   642 | D:4      | Reached skill level 4 in Unarmed Combat
   648 | D:4      | Reached XP level 4. HP: 33/38 MP: 3/3
   690 | D:4      | Reached skill level 5 in Unarmed Combat
   788 | D:4      | Found a shattered altar of Ashenzari.
   807 | D:4      | Noticed Robin
   852 | D:4      | Killed Robin
   852 | D:4      | Reached XP level 5. HP: 16/45 MP: 4/4
   934 | D:5      | Entered Level 5 of the Dungeon
   967 | D:5      | Reached skill level 6 in Unarmed Combat
   983 | D:5      | Noticed an ogre
   985 | D:5      | Noticed an ogre
  1003 | D:4      | Killed an ogre
  1003 | D:4      | Reached XP level 6. HP: 34/50 MP: 5/5
  1023 | D:5      | Reached skill level 7 in Unarmed Combat
  1108 | D:5      | Reached skill level 8 in Unarmed Combat
  1108 | D:5      | Reached XP level 7. HP: 20/57 MP: 6/6
  1412 | D:6      | Reached skill level 9 in Unarmed Combat
  1603 | D:6      | Reached XP level 8. HP: 56/63 MP: 7/7
  1766 | D:6      | Reached skill level 10 in Unarmed Combat
  1779 | D:6      | Found an oddly glowing altar of Pakellas.
  2233 | D:6      | Reached skill level 11 in Unarmed Combat
  2431 | D:6      | Found a basalt altar of Yredelemnul.
  2717 | D:7      | Found Cowaheh's Gadget Emporium.
  2779 | D:7      | Found a shadowy altar of Dithmenos.
  2866 | D:7      | Slain by a hippogriff

Vault maps used:
D:1:      dpeg_arrival_rooms_a, serial_forest, infiniplex_forest_3_way,
          infiniplex_forest_3_way, infiniplex_forest_pool,
          infiniplex_forest_end_2, infiniplex_forest_lined_room_,
          infiniplex_forest_clump_diagonal, hangedman_decor_points
D:2:      old_standard_altar, okawaru_ov_weapons_minmay,
          nicolae_gozag_seed_capital, nrook_mini_backslash,
          grunt_decor_resistance, minmay_strange_pillars
D:4:      kennysheep_mini_moat, uniq_robin
D:5:      led_sif_book, first_bread, lemuel_flamethrower_1
D:6:      marbit_many_paths, minmay_temple_entry_fiery, grunt_pakellas_sulfur
D:7:      nicolae_dithmenos_shadow_blocks, serial_shops,
          nicolae_shop_overgrown_old_shop,
          nicolae_shop_temple_entry_statues_fountains, kennysheep_little_box

Vanquished Creatures
  A phantom
  2 black bears
  A centaur
  3 ogres
  2 giant frogs
  5 wights
  3 crimson imps
  A wasp zombie
  2 jellies
  An orc priest
  A hound
  6 orc wizards
  An iguana
  3 worker ants
  A worker ant zombie Robin
  2 adders
  An ooze
  A giant gecko
  15 orcs
  2 giant cockroaches
  7 hobgoblins
  3 kobolds
  2 quokkas
  A ball python skeleton
  A bat
  A giant gecko skeleton
  3 giant newts
  12 goblins
85 creatures vanquished.
